Cogmind - Beta 10.2 @@@ ROGUE MODE // 2021.07.26 @ 19:53:24 Player: Demise Result: Destroyed by Y-45 Defender with Beam Rifle Performance ------------- Evolutions (0) 0 Regions Visited (2) 400 Robots Destroyed (25) 125 Value Destroyed (582) 582 Prototype IDs (3) 60 Alien Tech Used (0) 0 Bonus (2) 2 TOTAL SCORE: 1169 Bonus ------- High Alert Combat Kills 2 Cogmind --------- Core Integrity 0/250 Matter 152/300 Energy 31/100 System Corruption 0% Temperature Cool (9) Movement Core (600) Ox11 Location -10/Mines Parts ------- > --- POWER (1) -------- (None) > --- PROPULSION (2) --- (None) > --- UTILITY (2) ------ High-capacity Storage Unit Targeting Computer > --- WEAPON (2) ------- Light Assault Rifle Light Assault Rifle > --- INVENTORY (12) --- Large Storage Unit Large Storage Unit High-capacity Matter Pod (200) Light EM Pulse Cannon Light EM Pulse Cannon Light Assault Rifle Mini Grenade Launcher Mini Grenade Launcher Peak State ------------ > --- POWER ------------ Light Nuclear Core > --- PROPULSION ------- Light Treads Light Treads > --- UTILITY ---------- High-capacity Storage Unit Targeting Computer > --- WEAPON ----------- Light Assault Rifle Mini Grenade Launcher > --- INVENTORY -------- Large Storage Unit Large Storage Unit High-capacity Matter Pod EM Pulse Gun Light EM Pulse Cannon Light EM Pulse Cannon Light Assault Rifle Light Assault Rifle Light Assault Rifle Improved Light Cannon Improved Light Cannon Mini Grenade Launcher [Rating: 11] Favorites ----------- Power Light Nuclear Core Power Core Light Nuclear Core Propulsion Light Treads Treads Light Treads Utility Targeting Computer Storage High-capacity Storage Unit Processor Targeting Computer Weapon Light Assault Rifle Energy Gun Small Laser Energy Cannon Light EM Pulse Cannon Ballistic Gun Light Assault Rifle Ballistic Cannon Improved Light Cannon Launcher Mini Grenade Launcher Build | -11 -10 -10 ------- Run | Scr Mat Min Slots Evolved . | . . . Power . | . . . Propulsion . | . . . Utility . | . . . Weapon . | . . . Parts Attached 26 | 4 13 9 Power 1 | . 1 . Engine . | . . . Core 1 | . 1 . Reactor . | . . . Propulsion 3 | 2 1 . Treads 3 | 2 1 . Leg . | . . . Wheel . | . . . Hover . | . . . Flight . | . . . Utility 2 | . 2 . Device . | . . . Storage 1 | . 1 . Processor 1 | . 1 . Hackware . | . . . Protection . | . . . Artifact . | . . . Weapon 20 | 2 9 9 Energy Gun 7 | 2 4 1 Energy Cannon 2 | . . 2 Ballistic Gun 8 | . 5 3 Ballistic Cannon 2 | . . 2 Launcher 1 | . . 1 Special Weapon . | . . . Impact Weapon . | . . . Slashing Weapon . | . . . Piercing Weapon . | . . . Special Melee Weapon . | . . . Unidentified Prototypes . | . . . Parts Lost 10 | . 3 7 Power 1 | . . 1 Propulsion 2 | . . 2 Utility . | . . . Weapon 7 | . 3 4 Highest Loss Streak 5 | . 1 5 Average Slot Usage (%) 83 | . 86 79 Core 7 | . 7 6 Treads 23 | . 28 16 Storage 9 | . 7 14 Processor 13 | . 13 14 Energy Gun 3 | . 5 . Ballistic Gun 16 | . 22 7 Ballistic Cannon 6 | . . 18 Naked Turns . | . . . Heaviest Build 45 | 2 39 45 Greatest Support 40 | 3 40 40 Greatest Overweight (x) 2 | . 2 2 Average Overweight (x) . | . . . Largest Inventory Capacity 12 | 4 12 12 Average Capacity 9 | 4 8 12 Most Carried 12 | 2 12 12 Average Carried 8 | 1 7 11 Final Capacity 12 | 4 12 12 Final Carried 12 | 2 12 8 Class Distribution -------------------- 100% | Mutant Dominant Class ---------------- Mutant | -10/Materials Mutant | -10/Mines Resources | -11 -10 -10 ----------- Run | Scr Mat Min Matter Collected 812 | 240 409 163 Remotely . | . . . Salvage Created 776 | 107 576 93 Parts 47 | 3 43 1 Haulers Intercepted 2 | . 2 . Recyclers Shooed . | . . . Parts Field Recycled . | . . . Retrieved Matter . | . . . Parts Self-Destructed . | . . . Prevented . | . . . Kills | -11 -10 -10 ------- Run | Scr Mat Min Combat Hostiles Destroyed 32 | . 14 18 Guns 13 | . 13 . Cannons 2 | . . 2 AOE 17 | . 1 16 Classes Destroyed 10 | 2 5 3 Worker 1 | . 1 . Tunneler 1 | 1 . . Hauler 2 | . 2 . Recycler 1 | 1 . . Watcher 3 | . 3 . Swarmer 6 | . 6 . Grunt 8 | . 8 . Sentry 1 | . . 1 Demolisher 2 | . . 2 Assembled 15 | . . 15 Best Kill Streak 15 | 2 5 15 Combat Bots Only 15 | . 3 15 Max Kills in Single Turn 3 | 1 2 3 Gunslinging . | . . . Exploded 3 | . 1 3 Melee . | . . . Uniques/NPCs Destroyed . | . . . Combat | -11 -10 -10 -------- Run | Scr Mat Min Damage Taken 1391 | . 475 916 Core 253 | . 25 228 Absorbed by Shields . | . . . Core Remaining (%) 100 | 100 . . Volleys Fired 110 | 7 65 38 Largest 2 | 2 2 2 Hottest 96 | 80 80 96 Shots Fired 200 | 14 128 58 Gun 154 | 14 128 12 Cannon 35 | . . 35 Launcher 11 | . . 11 Special . | . . . Kinetic 138 | . 94 44 Thermal 41 | 14 27 . Explosive 11 | . . 11 Electromagnetic 10 | . 7 3 Robot Hit Streak 21 | 13 21 18 Robot Miss Streak 3 | . 3 2 Penetration Max . | . . . Secondary Targets 2 | . 2 . Max Gunslinging Chain 1 | . 1 . Shots Hit Robots 138 | 13 95 30 Core Hits 76 | 3 37 36 Critical Hits 1 | . 1 . Critical Kills . | . . . Critical Parts Destroyed 1 | . 1 . Melee Attacks . | . . . Impact . | . . . Slashing . | . . . Piercing . | . . . Sneak Attacks . | . . . Combat Hostiles . | . . . Follow-up Attacks . | . . . Damage Inflicted 2618 | 143 1101 1374 Guns 1094 | 143 869 82 Cannons 332 | . . 332 Explosions 1192 | . 232 960 Melee . | . . . Ramming . | . . . Kinetic 940 | . 556 384 Thermal 429 | 143 234 52 Explosive 1140 | . 232 908 Electromagnetic 109 | . 79 30 Impact . | . . . Slashing . | . . . Piercing . | . . . Highest Corruption . | . . . Average Corruption . | . . . Corruption Purged . | . . . Overload Shots . | . . . Overflow Damage 91 | . 43 48 Projectiles . | . . . Explosions 91 | . 43 48 Melee . | . . . Knockbacks 1 | . . 1 Impact . | . . . Kinetic 1 | . . 1 Secondary . | . . . Self-Inflicted Damage 82 | . 41 41 Shots 3 | . 1 2 Rammed . | . . . Targets Rammed . | . . . Kicked . | . . . Crushed . | . . . Highest Temperature 95 | 21 86 95 Average Temperature 21 | 11 18 27 Received Heat Transfer 309 | . 174 135 Siege Activations . | . . . Robots Corrupted . | . . . Combat Hostiles . | . . . Parts Fried . | . . . Impact Corruptions . | . . . Robots Melted . | . . . Combat Hostiles . | . . . Parts Melted 2 | . 2 . Heat Transferred 950 | 325 525 100 Parts Sabotaged . | . . . Parts Stolen . | . . . Parts Stripped . | . . . Power Chain Reactions 1 | . . 1 Missiles Intercepted . | . . . Alert | -11 -10 -10 ------- Run | Scr Mat Min Peak Influence 411 | 10 411 103 Initial 56 | . 6 56 Average 133 | 2 190 47 Maximum Alert Level 2 | . 2 . Low Security (%) 68 | 100 47 100 Level 1 31 | . 51 . Level 2 . | . 1 . Level 3 . | . . . Level 4 . | . . . Level 5 . | . . . High Security . | . . . Max Security . | . . . Squads Dispatched 3 | . 3 . Investigation 3 | . 3 . Extermination . | . . . Reinforcement . | . . . Assault . | . . . Garrison . | . . . Intercept . | . . . Construction Impeded . | . . . Haulers Reinforced . | . . . Stealth | -11 -10 -10 --------- Run | Scr Mat Min Distress Signals 1 | . 1 . Communications Jammed . | . . . Distress Signals . | . . . Times Spotted 39 | . 20 19 Peak Tracking Total 13 | . 4 13 Tactical Retreats . | . . . Traps | -11 -10 -10 ------- Run | Scr Mat Min Traps Triggered . | . . . Indirectly . | . . . Trap Hack Attempts . | . . . Triggered . | . . . Disarmed . | . . . Reprogrammed . | . . . Reused . | . . . Traps Extracted . | . . . Installed . | . . . Triggered . | . . . Machines | -11 -10 -10 ---------- Run | Scr Mat Min Machines Disabled 2 | . 2 . Max in Single Turn 2 | . 2 . Machines Sabotaged . | . . . Garrisons Compromised . | . . . Overloaded Fab Kills . | . . . Fab Network Shutdowns . | . . . Hacking | -11 -10 -10 --------- Run | Scr Mat Min Machines Accessed 10 | . 9 1 Terminals 8 | . 7 1 Fabricators . | . . . Repair Stations . | . . . Recycling Units 2 | . 2 . Scanalyzers . | . . . Garrison Access . | . . . Total Hacks 37 | . 33 4 Successful 18 | . 15 3 Failed 18 | . 17 1 Catastrophic 2 | . 2 . Database Lockouts 1 | . 1 . Manual 32 | . 28 4 Terminals 29 | . 25 4 Fabricators . | . . . Repair Stations . | . . . Recycling Units 8 | . 8 . Scanalyzers . | . . . Garrison Access . | . . . Terminal Hacks 7 | . 4 3 Part Schematic 2 | . . 2 Robot Analysis 3 | . 2 1 Prototype ID Bank 1 | . 1 . Terminal Index 1 | . 1 . Fabricator Hacks . | . . . Repair Station Hacks . | . . . Recycling Unit Hacks 2 | . 2 . Retrieve Matter 1 | . 1 . Retrieve Components 1 | . 1 . Scanalyzer . | . . . Garrison Access Hacks . | . . . Unauthorized Hacks 9 | . 9 . Terminals 6 | . 6 . Assimilate 1 | . 1 . Botnet 4 | . 4 . Operators 1 | . 1 . Fabricators . | . . . Repair Stations . | . . . Recycling Units 3 | . 3 . Recyclers 1 | . 1 . Mask 1 | . 1 . Tunnel 1 | . 1 . Scanalyzers . | . . . Garrison Access . | . . . Data Cores Recovered . | . . . Used . | . . . Hacking Detections 9 | . 8 1 Full Trace Events 5 | . 4 1 Feedback Events . | . . . Feedback Blocked . | . . . Robot Schematics Acquired . | . . . Robots Built . | . . . Matter . | . . . Time . | . . . Total Robot Build Rating . | . . . Part Schematics Acquired 2 | . . 2 Parts Built . | . . . Matter . | . . . Time . | . . . Total Part Build Rating . | . . . Parts Repaired . | . . . Time . | . . . Parts Recycled . | . . . Recycled Matter . | . . . Retrieved Matter . | . . . Retrieved Components . | . . . Parts Scanalyzed . | . . . Part Schematics Acquired . | . . . Parts Damaged . | . . . Bothacking | -11 -10 -10 ------------ Run | Scr Mat Min Used RIF Installer . | . . . Robots Hacked . | . . . Non-combat . | . . . Combat . | . . . Robot Hacks Applied . | . . . Relay Couplers Released . | . . . Robots Rewired . | . . . Allies Hacked . | . . . Hacks Repelled . | . . . Allies | -11 -10 -10 -------- Run | Scr Mat Min Total Allies 1 | . 1 . Largest Group 1 | . 1 1 Highest-Rated Group 10 | . 10 10 Highest-Rated Ally 10 | . 10 10 Total Orders . | . . . Ally Attacks . | . . . Total Damage . | . . . Kills . | . . . Allies Corrupted . | . . . Allies Melted . | . . . Intel | -11 -10 -10 ------- Run | Scr Mat Min Robot Analysis Total 3 | . 2 1 Derelict Logs Recovered 2 | . . 2 Drone Launches . | . . . Drone Recoveries . | . . . Exploration | -11 -10 -10 ------------- Run | Scr Mat Min Turns Passed 1808 | 45 1105 658 Spaces Moved 1299 | 33 956 310 Core 656 | 33 623 . Treads 643 | . 333 310 Legs . | . . . Wheels . | . . . Hover . | . . . Flight . | . . . Fastest Speed 50 | 50 50 160 Average Speed 109 | 50 89 177 Slowest Speed 200 | 50 160 200 Overloaded Moves . | . . . Propulsion Burnouts . | . . . Robots Hopped . | . . . Cave-ins Triggered . | . . . Exploration Rate (%) 57 | 3 98 70 Regions Visited 2 Branch Regions 1 Pre-discovered Areas 1 | . 1 . Known Exits Taken . | . . . Unknown Exits Taken 2 | 1 1 . Scrap Searched . | . . . Spaces Dug 1 | . . 1 Terrain Destroyed 116 | . 37 79 Melee . | . . . Projectile 2 | . . 2 AOE 114 | . 37 77 Terrain Rammed . | . . . Walls Destroyed . | . . . Machines Disabled . | . . . Actions | -11 -10 -10 --------- Run | Scr Mat Min Total 1504 | 45 1097 362 Wait 46 | . 41 5 Move 1297 | 32 955 310 Hop . | . . . Pick Up 16 | 2 14 . Fast Attach 10 | 4 6 . Attach 9 | . 5 4 Detach 3 | . 3 . Swap 7 | . 2 5 Drop 6 | . 6 . Fire 110 | 7 65 38 Melee . | . . . Ram . | . . . Kick . | . . . Crush . | . . . Escape Stasis . | . . . Rewire . | . . . Trap . | . . . Miscellaneous . | . . . Route ------- -11/Scrapyard -10/Materials (discovered 4 exits: [*Mat x3] / *Min) -10/Mines History --------- Turn | Location | Event 10 | -11/Scrapyard | Discovered new exit (range 15) 46 | -11/Scrapyard | Entered Materials 96 | -10/Materials | Discovered new exit (range 10) 211 | -10/Materials | Discovered new exit (range 8) 286 | -10/Materials | Discovered new exit (range 12) 323 | -10/Materials | Build established: Mutant 444 | -10/Materials | Discovered new exit (range 15) 984 | -10/Materials | Central database locked down 1151 | -10/Materials | Entered Mines 1151 | -10/Mines | Accompanied by 1 ally 1255 | -10/Mines | Learned Materials security intel 1273 | -10/Mines | Assembled infested the area 1341 | -10/Mines | Destroyed 15 combat bots 1437 | -10/Mines | Core integrity fell below 50% 1739 | -10/Mines | Learned Materials stockpile data 1792 | -10/Mines | Core integrity fell below 20% 1809 | -10/Mines | Destroyed by Y-45 Defender with Beam Rifle Last Messages --------------- 01466_ U-05 Engineer lays Concrete. 01469_ The unstable cave ceiling collapses. 01469_ U-05 Engineer lays Concrete. 01479_ U-05 Engineer builds a Wall. 01480_ U-05 Engineer lays Concrete. 01548_ U-05 Engineer builds a Wall. 01556_ U-05 Engineer lays Concrete. 01592_ U-05 Engineer builds a Wall. 01600_ The unstable cave ceiling collapses. 01601_ U-05 Engineer builds a Wall. 01739_ Acquired derelict log, extracted data. Data stored: Materials stockpile data. 01772_ Lgt. Treads destroyed. 01776_ Imp. Light Cannon destroyed. 01783_ Chain reaction triggered in Imp. Ion Engine. 01783_ Y-45 Defender destroyed. 01784_ K-01 Serf collects debris. 01785_ EM Pulse Gun destroyed. 01787_ K-01 Serf collects debris. 01803_ Lgt. Assault Rifle destroyed. Map ----- +----------------------------------------------------+ | #### ##???????????# #???????????? | | #??## #????????????# #???????????? | | ????#####????????????# #???????????? | | ?????????????????????# #???????????? | | ?????????????????????# #???????????? | | ?????????????????????# #???????????? | | ?????????????????????# #???????????? | | ?????????????????????# #???????????? | | ?####????????????????# #???????????? | | ## ##???????????????# #??#####????? | | # #???????????????# #?## ####?? | | # #???????????????# #?# ##? | | # ##??????????????# ### #? | | # #??????????????# #? | | # #??????????????## ### #?? | | #???????????????# #?# ####???? | | ##???????######### #?# #??????? | | ###?? ### #??????? | | ##???????????######## #??????? | | ##??????????????????##### #??????? | | ##?????????????????????# #??????? | | #?????????????????????# #??????? | | #???????????????####### ######?? | | ##??????????????##" ;# #?? | | ##???????????????#"" ; #?? | | #????????????????#!! ;@ #?? | | #????????????????#![ ; k #?? | | ##???????????????#"" Y #?? | | #???????????????##" ## #?? | | #????????????????###?### #?? | | ##??????????????????????##### ##?? | | ##???????????????????????????? #??? | | ##????????????????????????????? #??? | | ????????????????????????????????#??? | | ???????????????????????????????????? | | ???????????????????????????????????? | | ???????????????????????????????????? | | ???????????????????????????????????? | | ???????????????????????????????????? | | ???????????????????????????????????? | | ???????????????????????????????????? | | ???????????????????????????????????? | | ???????????????????????????????????? | | ???????????????????????????????????? | | ???????????????????????????????????? | | ???????????????????????????????????? | | | | | | | | | +----------------------------------------------------+ Best States ------------- Heat Dissipation 25 Energy Generation 14 Energy Capacity 160 Matter Stores 300 Matter Capacity 300 Sight Range 16 Terrain Scan Density 10 Evasion (%) 50 Targeting Accuracy 5 Recoil Reduction 2 Item Schematics ----------------- Hcp. Storage Unit | -10/Mines | Hacked Med. Storage Unit | -10/Mines | Hacked Robot Schematics ------------------ None Fabricated ------------ Nothing Alien Tech Used ----------------- None Achievements -------------- None Challenges ------------ None Game ------ Seed CorruptionPlasmaFlakker Manual? 0 Play Time 00:18:08 Cumulative 422.5 hours Start 2021.07.26 @ 19:38:41 End 2021.07.26 @ 19:53:24 Sessions 1 Manual Loads 0 Difficulty Rogue Special Mode None Game No. 343 Rogue 343 Adventurer 0 Explorer 0 Win Type - Total 1 Types 0/0/0/1/0/0/0/0/0 Lore% 71 Gallery% 81 Achievement% 60 Wizard Run 0 Options --------- ASCII 0 Keyboard 1 Movement Numpad Keybinds 0 Fullscreen 1 Font 12/Terminus Map View 83x54 Tactical HUD 1 Map Filters NONE Filters NONE Steam 1 RUN: aa021e00-9c8a-426b-8399-ba2192034fa7